 Dungeon Crawl Stone Soup version 0.30-a0-389-g8d7d949f56 (webtiles) character file.

Game seed: 6061753816161897660

9 tio the Grave Robber (level 2, 0/19 HPs)
             Began as a Demonspawn Necromancer on Dec 3, 2022.
             Slain by Terence
             ... wielding a +2 short sword of speed
              (1 damage)
             ... on level 2 of the Dungeon.
             The game lasted 00:03:21 (802 turns).

tio the Grave Robber (Demonspawn Necromancer)        Turns: 802, Time: 00:03:22

Health: 0/19       AC:  3    Str:  8    XL:     2   Next: 6%
Magic:  1/5        EV: 12    Int: 16    God:
Gold:   71         SH:  0    Dex: 13    Spells: 4/5 levels left

rFire   . . .      SeeInvis .    d - +0 dagger
rCold   . . .      Faith    .    (no shield)
rNeg    . . .      Spirit   .    a - +1 robe
rPois   .          Reflect  .    (no helmet)
rElec   .          Harm     .    (no cloak)
rCorr   .          Rampage  .    (no gloves)
Will    .....                    (no boots)
Stlth   ++........               (no amulet)
HPRegen 0.23/turn                (no ring)
MPRegen 0.09/turn                (no ring)

@: no status effects
A: claws 1
a: no special abilities


You were on level 2 of the Dungeon.
You visited 1 branch of the dungeon, and saw 2 of its levels.

You collected 71 gold pieces.

Inventory:

Hand Weapons
 d - a +0 dagger (weapon)
Armour
 a - a +1 robe (worn)
Scrolls
 e - 3 scrolls of teleportation
 f - a scroll of noise {unknown}
Potions
 b - a potion of magic
 c - a potion of experience {unknown}
 g - a potion of mutation {unknown}


   Skills:
 + Level 1.7 Dodging
 + Level 1.7 Stealth
 + Level 2.3 Spellcasting
 + Level 4.7 Necromancy


You had 4 spell levels left.
You knew the following spells:

 Your Spells              Type           Power      Damage    Failure   Level
a - Necrotise             Necr           64%        1d7       3%          1

Your spell library contained the following spells:

 Spells                   Type           Power      Damage    Failure   Level
 Vampiric Draining        Necr           16%        2d7       9%          3
 Animate Dead             Necr           16%        N/A       28%         4
 Agony                    Necr           16%        N/A       63%         5


Dungeon Overview and Level Annotations

Branches:
Dungeon (2/15)

Altars:

Shops:
D:1 *

Annotations:
D:2 Terence


Innate Abilities, Weirdness & Mutations

You have sharp fingernails.


Message History

You open the door.
There is an open door here.
Terence barely resists.
Terence writhes in agony.
Terence bares his teeth.
Terence writhes in agony.
Terence writhes in agony.
Terence writhes in agony.
Terence hits you with a +2 short sword of speed!
You are out of magic!
You are out of magic!
You are out of magic!
Terence misses you. Terence attacks as you move away! Terence misses you.
There is an open door here.
Terence attacks as you move away!
Terence hits you with a +2 short sword of speed.
Terence attacks as you move away! Terence completely misses you.
Terence attacks as you move away! Terence misses you.
Found 9 gold pieces.
Terence attacks as you move away! Terence barely misses you.
The endoplasm quivers.
You hit the endoplasm.
The endoplasm is moderately wounded.
Terence misses you. The endoplasm freezes you.
You are frozen.
Terence hits you with a +2 short sword of speed.
* * * LOW HITPOINT WARNING * * *
Terence attacks as you move away! Terence barely misses you.
Found 17 gold pieces.
The endoplasm misses you. The endoplasm freezes you.
You are frozen.
* * * LOW HITPOINT WARNING * * *
There is a shaft here.
The endoplasm attacks as you move away! The endoplasm closely misses you.
Terence attacks as you move away! Terence closely misses you.
Terence attacks as you move away!
Terence hits you with a +2 short sword of speed.
You die...

#...#...........$.
.(................
....#.............
........#.........
....#......)......
..................
...##..^.#.######
.......J@#+####
........@.....#
..............#
..............#
........$.....#
#.............#
#.............#
.............#
....##.......#


You could see Terence and an endoplasm.

Vanquished Creatures
  A dart slug (D:1)
  3 goblins (D:1)
  A quokka (D:1)
  A bat (D:1)
  2 rats (D:1)
8 creatures vanquished.

Notes
Turn   | Place    | Note
-------+----------+-------------------------------------------
     0 | D:1      | tio the Demonspawn Necromancer began the quest for the Orb.
     0 | D:1      | Reached XP level 1. HP: 13/13 MP: 3/3
   430 | D:1      | Found Nejim's General Store.
   483 | D:1      | Gained mutation: You have sharp fingernails. [demonic
                  | ancestry]
   483 | D:1      | Reached XP level 2. HP: 19/19 MP: 1/5
   769 | D:2      | Noticed Terence
   802 | D:2      | Slain by Terence

Illustrated notes

Levels and vault maps discovered:
D:1:      eino_arrival_water_star, layout_loops_ring, serial_shops, shop_statue
D:2:      layout_basic, uniq_terence

Action                   || total
-------------------------++-------
Melee: Dagger            ||     2
 Cast: Necrotise         ||    18
  Use: Scroll            ||     2
Armor: Robe              ||     1
Dodge: Dodged            ||    10

Table legend: (Time is in decaauts)
 A = Elapsed time spent in this place.
 B = Non-inter-level travel time spent in this place.
 C = Inter-level travel time spent in this place.
 D = Time resting spent in this place.
 E = Time spent auto-exploring this place.
 F = Levels seen in this place.
 G = Mean time per level.
                   A        B        C        D        E       F      G
               +--------+--------+--------+--------+--------+-----+--------+
         Total |    801 |    744 |     57 |      0 |    665 |   2 |  400.5 |
       Dungeon |    801 |    744 |     57 |      0 |    665 |   2 |  400.5 |
               +--------+--------+--------+--------+--------+-----+--------+

Top non-repeatable levels by time:
     D:1: 769 daAuts
     D:2: 32 daAuts
